 Dungeon Sprint DCSS version 0.15-a0-1766-g0ee8742 (webtiles) character file.

8654 BluebellGnoll the Bludgeoner (level 11, 32/113 HPs)
             Began as an Ogre Arcane Marksman on June 28, 2014.
             Was a High Priest of Okawaru.
             Quit the game in the Dungeon (Sprint IX: "|||||||||||||||||||||||||||||").
             The game lasted 00:28:08 (3455 turns).

BluebellGnoll the Bludgeoner (Ogre Arcane Marksman) Turns: 3455, Time: 00:28:09

HP  32/113       AC  4     Str 21      XL: 11   Next: 34%
MP  27/28        EV 15     Int 15      God: Okawaru [*****.]
Gold 16          SH  0     Dex  9      Spells:  5 memorised, 13 levels left

rFire  . . .     SeeInvis .     q - +2 morningstar (crush)
rCold  . . .     Clarity  .     G - +0 robe
rNeg   . . .     rCorr    .     (shield restricted)
rPois  .         rRot     .     (helmet restricted)
rElec  .         Spirit   .     r - +0 cloak
SustAb .         Warding  .     (gloves unavailable)
rMut   .         NoTele   +     (boots unavailable)
Gourm  .                        (no amulet)
MR     +....                    t - +3 ring of strength
                                s - +2 ring of evasion

@: somewhat resistant to hostile enchantments, very unstealthy
A: unfitting armour, tough skin 1
a: Heroism, Finesse, Renounce Religion


You were in the Dungeon.
You worshipped Okawaru.
Okawaru was extremely pleased with you.
You were very hungry.

You visited 1 branch You collected 16 gold pieces.

Inventory:

Hand weapons
 c - a +5 blowgun
 e - a +0 short sword of venom
 g - a +0 giant club
 q - a +2 morningstar of crushing (weapon)
Missiles
 a - 7 curare-tipped needles
Armour
 r - a +0 cloak (worn)
 x - the -5 robe of the Monkey's Uncle {rF++ rC+}
   (Okawaru gifted it to you in the Dungeon)

   It greatly protects you from fire.
   It protects you from cold.
 G - a +0 robe (worn)
Magical devices
 p - a wand of fire (4)
 E - a wand of digging (12) {unknown}
Comestibles
 z - 41 fruits
 B - 12 bread rations
 C - 12 meat rations
Scrolls
 k - 2 scrolls of blinking
 n - 5 scrolls of remove curse
 o - 2 scrolls of amnesia
 w - 2 scrolls of fog
 y - 2 scrolls of enchant armour
Jewellery
 s - a +2 ring of evasion (left hand)
 t - a +3 ring of strength (right hand)
Potions
 f - 2 potions of haste
 i - 4 potions of magic
 j - a potion of brilliance
 m - 5 potions of curing
 u - 2 potions of restore abilities
 A - a potion of might
Books
 d - a book of Debilitation

   Spells                             Type                      Level
   *Corona                            Hexes                        1
   *Slow                              Hexes                        2
   *Inner Flame                       Hexes/Fire                   3
   *Enslavement                       Hexes                        4
   *Cause Fear                        Hexes                        4
   Leda's Liquefaction                Hexes/Earth                  4
Miscellaneous
 v - a crystal ball of energy


   Skills:
 - Level 8.4 Fighting
 + Level 18.5 Maces & Flails
 - Level 14.1 Throwing
 - Level 9.8 Dodging
 - Level 8.7 Spellcasting
 - Level 9.6 Hexes


You had 13 spell levels left.
You knew the following spells:

 Your Spells              Type           Power        Failure   Level  Hunger
a - Corona                Hex            #####..      1%          1    None
b - Slow                  Hex            #####...     1%          2    None
c - Cause Fear            Hex            #####.....   2%          4    ###....
d - Inner Flame           Hex/Fire       ###.....     6%          3    ##.....
e - Enslavement           Hex            #####...     2%          4    ###....


Dungeon Overview and Level Annotations

Branches:
Dungeon (1/1)

Altars:
Cheibriados
Dithmenos
Elyvilon
Fedhas
Gozag
Kikubaaqudgha
Makhleb
Nemelex Xobeh
Okawaru
Qazlal
Sif Muna
Trog
Vehumet
Xom
Yredelemnul
Zin
The Shining One
Beogh
Jiyva
Lugonu


Innate Abilities, Weirdness & Mutations

You are too large for most types of armour.
You have tough skin (AC +1).


Message History

Throwing (i - inventory):
l - a throwing net (quivered)
Press: ? - help, Shift-Dir - straight line, f/p - orc knight
Aim: an orc knight, wielding a crossbow and wearing a plate armour (severely wounded)
You throw a throwing net. The orc knight shoots a bolt.
The bolt hits you!
* * * LOW HITPOINT WARNING * * *
Firing (i - inventory): No suitable missiles.
Press: ? - help, Shift-Dir - straight line, f/p - orc knight
Aim: an orc knight, wielding a crossbow and wearing a plate armour (severely wounded)
Okay, then.
Firing (i - inventory): No suitable missiles.
Press: ? - help, Shift-Dir - straight line, f/p - orc knight
Aim: an orc knight, wielding a crossbow and wearing a plate armour (severely wounded)
Okay, then.
Firing (i - inventory): No suitable missiles.
Press: ? - help, Shift-Dir - straight line, f/p - orc knight
Aim: an orc knight, wielding a crossbow and wearing a plate armour (severely wounded)
Okay, then.
Drink which item? (? for menu, Esc to quit)
Okay, then.
Are you sure you want to abandon this character and quit the game? (Confirm with "yes".)

▓▓▓▓▓▓▓▓▓▓▓
▓...▓.@.▓<▓
▓.▓)▓.▓.▓.▓
▓o▓(▓.▓.▓.▓
▓o▓.▓(▓.▓.▓
▓.▓.▓.▓.▓.▓
▓o▓.▓(▓.▓.▓
▓.▓.▓(▓.▓%▓
▓.▓.▓o▓.▓%▓
▓o▓.▓.▓.▓%▓


You could see an orc knight.

Vanquished Creatures
  A dire elephant (D)
  Harold (D)
  Erica (D)
  A tengu warrior (D)
  A hill giant (D)
  Joseph (D)
  An orc knight (D)
  2 elephants (D)
  2 spiny frogs (D)
  A komodo dragon (D)
  A polar bear (D)
  Sonja (D)
  A blink frog (D)
  A slime creature (D)
  3 yaks (D)
  Eustachio (D)
  An orc warrior (D)
  A water moccasin (D)
  A sky beast (D)
  2 porcupines (D)
  2 ogres (D)
  2 centaurs (D)
  2 giant frogs (D)
  A hound (D)
  An iguana (D)
  A worker ant (D)
  2 adders (D)
  3 green rats (D)
  A shadow imp (D)
  3 orcs (D)
  A giant cockroach (D)
  2 goblins (D)
  A hobgoblin (D)
  2 quokkas (D)
  4 bats (D)
  A giant spore (D)
  2 kobolds (D)
  2 rats (D)
58 creatures vanquished.

Vanquished Creatures (collateral kills)
  A dire elephant (D)
  4 elephants (D)
5 creatures vanquished.

Vanquished Creatures (others)
  A ballistomycete (D)
1 creature vanquished.

Grand Total: 64 creatures vanquished

Notes
Turn   | Place    | Note
--------------------------------------------------------------
     0 | D        | BluebellGnoll, the Ogre Arcane Marksman, began the quest for the Orb.
     0 | D        | Reached XP level 1. HP: 19/19 MP: 2/2
    12 | D        | Reached skill level 3 in Hexes
   249 | D        | Noticed a centaur
   249 | D        | Noticed an ogre
   249 | D        | Noticed an ogre
   261 | D        | Killed a centaur
   261 | D        | Reached skill level 6 in Hexes
   261 | D        | Reached XP level 2. HP: 12/27 MP: 3/3
   261 | D        | Reached XP level 3. HP: 14/33 MP: 4/4
   261 | D        | Reached XP level 4. HP: 17/41 MP: 6/6
   266 | D        | Killed an ogre
   266 | D        | Reached skill level 8 in Hexes
   266 | D        | Reached XP level 5. HP: 21/48 MP: 7/7
   288 | D        | Killed an ogre
   288 | D        | Reached skill level 9 in Hexes
   288 | D        | Reached XP level 6. HP: 28/55 MP: 8/8
   306 | D        | Found a glowing silver altar of Zin.
   306 | D        | Found a glowing golden altar of the Shining One.
   306 | D        | Found an ancient bone altar of Kikubaaqudgha.
   306 | D        | Found a basalt altar of Yredelemnul.
   306 | D        | Found a shimmering altar of Xom.
   306 | D        | Found a radiant altar of Vehumet.
   306 | D        | Found an iron altar of Okawaru.
   307 | D        | Found a burning altar of Makhleb.
   308 | D        | Found a deep blue altar of Sif Muna.
   309 | D        | Found a bloodstained altar of Trog.
   310 | D        | Found a sparkling altar of Nemelex Xobeh.
   311 | D        | Found a white marble altar of Elyvilon.
   312 | D        | Found a roughly hewn altar of Beogh.
   313 | D        | Found a viscous altar of Jiyva.
   314 | D        | Found a corrupted altar of Lugonu.
   315 | D        | Became a worshipper of Warmaster Okawaru
   381 | D        | Learned a level 2 spell: Slow
   386 | D        | Learned a level 4 spell: Cause Fear
   397 | D        | Found a blossoming altar of Fedhas.
   398 | D        | Found a snail-covered altar of Cheibriados.
   399 | D        | Found a shadowy altar of Dithmenos.
   400 | D        | Found a stormy altar of Qazlal.
   401 | D        | Found an opulent altar of Gozag.
   433 | D        | Noticed a hill giant
   433 | D        | Noticed a hound
   433 | D        | Noticed an orc warrior
   434 | D        | Killed a hound
   445 | D        | Killed a hill giant
   445 | D        | Acquired Okawaru's first power
   445 | D        | Reached skill level 13 in Maces & Flails
   445 | D        | Reached XP level 7. HP: 36/62 MP: 5/12
   446 | D        | Killed an orc warrior
   446 | D        | Reached skill level 14 in Maces & Flails
   446 | D        | Reached XP level 8. HP: 40/70 MP: 5/14
   592 | D        | Learned a level 4 spell: Enslavement
   593 | D        | Noticed a sky beast
   593 | D        | Noticed a centaur
   593 | D        | Noticed a worker ant
   593 | D        | Noticed a slime creature
   593 | D        | Noticed a tengu warrior
   610 | D        | Killed a sky beast
   612 | D        | Killed a centaur
   622 | D        | Killed a worker ant
   625 | D        | Killed a slime creature
   625 | D        | Reached skill level 5 in Spellcasting
   642 | D        | HP: 2/79 [tengu warrior/arrow (19)]
   647 | D        | Killed a tengu warrior
   647 | D        | Reached XP level 9. HP: 13/97 MP: 17/25
   987 | D        | Learned a level 3 spell: Inner Flame
  1099 | D        | Noticed a giant frog
  1099 | D        | Noticed a spiny frog
  1099 | D        | Noticed an iguana
  1099 | D        | Noticed a porcupine
  1105 | D        | a giant frog (ally) was killed
  1110 | D        | Killed a spiny frog
  1110 | D        | Reached skill level 5 in Dodging
  1113 | D        | Killed an iguana
  1114 | D        | Killed a porcupine
  1138 | D        | Noticed a spiny frog
  1139 | D        | Noticed a polar bear
  1149 | D        | a spiny frog (ally) was killed
  1151 | D        | Killed a polar bear
  1161 | D        | Noticed a water moccasin
  1161 | D        | Noticed a yak
  1161 | D        | Noticed a blink frog
  1161 | D        | Noticed a porcupine
  1161 | D        | Noticed a komodo dragon
  1161 | D        | Noticed a giant frog
  1165 | D        | Noticed a yak
  1167 | D        | a water moccasin (ally) was killed
  1175 | D        | Noticed a yak
  1181 | D        | Killed a blink frog
  1182 | D        | Killed a yak
  1189 | D        | Killed a porcupine
  1528 | D        | Killed a komodo dragon
  1530 | D        | Killed a giant frog
  1532 | D        | Received a gift from Okawaru
  1555 | D        | Killed a yak
  1560 | D        | Killed a yak
  1560 | D        | Acquired Okawaru's second power
  1560 | D        | Reached skill level 5 in Throwing
  1768 | D        | Noticed an elephant
  1768 | D        | Noticed a dire elephant
  1768 | D        | Noticed an elephant
  1768 | D        | Noticed an elephant
  1768 | D        | Noticed a dire elephant
  1768 | D        | Noticed an elephant
  1768 | D        | Noticed an elephant
  1784 | D        | Killed an elephant
  1784 | D        | Reached XP level 10. HP: 43/106 MP: 4/27
  1789 | D        | Killed a dire elephant
  1793 | D        | Killed an elephant
  1796 | D        | Killed an elephant
  1796 | D        | Reached skill level 10 in Throwing
  1800 | D        | Killed an elephant
  2030 | D        | Killed an elephant
  2030 | D        | Received a gift from Okawaru
  2050 | D        | Noticed an elephant
  2058 | D        | Killed a dire elephant
  2075 | D        | Killed an elephant
  2273 | D        | Noticed Eustachio
  2275 | D        | Noticed Joseph
  2311 | D        | Killed Eustachio
  2314 | D        | Killed Joseph
  2314 | D        | Reached skill level 15 in Maces & Flails
  2314 | D        | Reached XP level 11. HP: 106/113 MP: 25/28
  2347 | D        | Noticed Harold
  2364 | D        | Killed Harold
  2364 | D        | Received a gift from Okawaru
  2364 | D        | Reached skill level 16 in Maces & Flails
  2365 | D        | Got a fabulously ornate robe {god gift}
  2371 | D        | Identified the -5 robe of the Monkey's Uncle {rF++ rC+} (Okawaru gifted it to you in the Dungeon)
  2505 | D        | Noticed Erica
  2508 | D        | Killed Erica
  2508 | D        | Reached skill level 17 in Maces & Flails
  2546 | D        | Noticed Sonja
  2555 | D        | Killed Sonja
  2555 | D        | Reached skill level 18 in Maces & Flails
  2806 | D        | Noticed an orc knight
  2806 | D        | Noticed an orc knight
  2806 | D        | Noticed an orc priest
  2837 | D        | Killed an orc knight
  2869 | D        | HP: 4/113 [orc knight/ bolt (12)]
  3455 | D        | Quit the game

Action                   |  1- 3 |  4- 6 |  7- 9 | 10-12 || total
-------------------------+-------+-------+-------+-------++-------
Melee: Club              |    10 |    10 |       |       ||    20
       Unarmed           |    10 |       |       |       ||    10
       Morningstar       |       |       |    59 |    40 ||    99
Throw: Large rock        |     4 |     5 |    12 |    33 ||    54
       Throwing net      |     2 |       |       |     2 ||     4
       Javelin           |       |       |     2 |     6 ||     8
 Cast: Corona            |     1 |       |     2 |     9 ||    12
       Slow              |       |     2 |     9 |     8 ||    19
       Enslavement       |       |       |    10 |       ||    10
       Cause Fear        |       |       |     1 |       ||     1
Invok: Heroism           |       |       |     4 |     2 ||     6
Evoke: Wand              |       |     4 |     3 |       ||     7
  Use: Potion            |     2 |     2 |     3 |       ||     7
       Scroll            |       |       |       |     1 ||     1
 Stab: Invisible         |       |       |     2 |       ||     2
